 Dungeon Crawl Stone Soup version 0.29.1-1-gd02db6906a (webtiles) character file.

Game seed: 4001637716156658181

87976 LustLizard the Fencer (level 15, 0/124 HPs)
             Began as a Demonspawn Gladiator on Oct 15, 2022.
             Was a High Priest of Okawaru.
             Succumbed to a death drake's dark miasma
             ... on level 1 of the Swamp.
             The game lasted 01:00:24 (33857 turns).

LustLizard the Fencer (Demonspawn Gladiator)       Turns: 33857, Time: 01:00:25

Health: 0/124      AC: 35    Str: 24    XL:     15   Next: 45%
Magic:  6/19       EV: 12    Int: 13    God:    Okawaru [*****.]
Gold:   2275       SH: 20    Dex: 20    Spells: 14/14 levels left

rFire   . . .      SeeInvis +   z - +4 scimitar (flame)
rCold   + . .      Faith    .   S - +3 kite shield {rC+}
rNeg    . . .      Spirit   +   Y - +0 crystal plate armour of Deefihat {rF- Str+6}
rPois   .          Reflect  +   (helmet unavailable)
rElec   .          Harm     .   O - +0 cloak
rCorr   .          Rampage  .   P - +2 pair of gloves {Str+3}
Will    +....                   (no boots)
Stlth   ..........              M - amulet of reflection
HPRegen 0.30/turn               X - +4 ring of evasion
MPRegen 0.32/turn               u - ring "Ekelewoe" {rF+ AC+4 Int+2}

@: lethally poisoned (0 -> -15), heroic, finesse-ful, slowed, very slow
A: antennae 3, magic shield, magic regeneration, magic link, sharp scales 3
a: Renounce Religion, Heroism, Finesse, Duel


You were on level 1 of the Swamp.
You worshipped Okawaru.
Okawaru was extremely pleased with you.
You visited 5 branches of the dungeon, and saw 24 of its levels.

You collected 2962 gold pieces.
You spent 687 gold pieces at shops.

Inventory:

Hand Weapons
 a - the +9 scimitar of Chaos {antimagic, rElec rF+ rCorr}
   (Okawaru gifted it to you on level 2 of the Lair of Beasts)

   It reduces the magical energy of the wielder, and disrupts the spells and
   magical abilities of those it strikes.
   Natural abilities and divine invocations are not affected.
   rF:        It protects you from fire.
   rElec:     It insulates you from electricity.
   rCorr:     It protects you from acid and corrosion.
 z - a +4 scimitar of flaming (weapon)
Missiles
 c - 7 javelins
 d - 3 throwing nets
 j - 6 silver boomerangs
 k - 16 poisoned darts
 l - 15 boomerangs (quivered)
 R - 6 silver javelins
 Z - 7 datura-tipped darts
Armour
 s - the +2 ring mail of Jidacakh {+Blink rElec Str+6 Stlth-}
   (You found it on level 2 of the Dungeon)

   Str:       It affects your strength (+6).
   rElec:     It insulates you from electricity.
   +Blink:    It lets you blink.
   Stlth:     It makes you less stealthy.
 O - a +0 cloak (worn)
 P - a +2 pair of gloves of strength (worn)
 S - a +3 kite shield of cold resistance (worn)
 W - the +4 pair of boots "Navyp" {*Slow Will+ Dex+7}
   (Okawaru gifted it to you on level 10 of the Dungeon)

   Dex:       It affects your dexterity (+7).
   *Slow:     It may slow you when you take damage.
   Will:      It increases your willpower.
 Y - the +0 crystal plate armour of Deefihat (worn) {rF- Str+6}
   (Okawaru gifted it to you on level 4 of the Lair of Beasts)

   Str:       It affects your strength (+6).
   rF:        It makes you vulnerable to fire.
Jewellery
 g - a ring of willpower
 u - the ring "Ekelewoe" (right hand) {rF+ AC+4 Int+2}
   (You found it on level 3 of the Dungeon)

   [ring of protection]

   AC:        It affects your AC (+4).
   Int:       It affects your intelligence (+2).
   rF:        It protects you from fire.
 D - a ring of resist corrosion
 M - an amulet of reflection (around neck)
 X - a +4 ring of evasion (left hand)
Wands
 f - a wand of digging (11)
 i - a wand of roots (22)
 n - a wand of polymorph (21)
 x - a wand of acid (11)
 Q - a wand of flame (31)
 V - a wand of paralysis (20)
Scrolls
 b - a scroll of brand weapon
 h - 3 scrolls of enchant armour
 p - 4 scrolls of noise
 v - a scroll of torment
 w - 6 scrolls of immolation
 y - 2 scrolls of enchant weapon
 A - 2 scrolls of identify
 F - 5 scrolls of magic mapping
 G - 3 scrolls of teleportation
 H - 5 scrolls of fear
 L - 2 scrolls of silence
 N - a scroll of poison
Potions
 e - 2 potions of heal wounds
 o - 4 potions of attraction
 q - 5 potions of lignification
 r - 2 potions of brilliance
 B - 2 potions of flight
 C - 4 potions of berserk rage
 E - 5 potions of mutation
 I - a potion of resistance
 J - 8 potions of might
 K - 3 potions of haste
 U - a potion of curing
Miscellaneous
 T - a lightning rod (4/4)


   Skills:
 + Level 13.2(18.2) Fighting
 * Level 18.5(23.5) Long Blades
 - Level 6.0(11.0) Throwing
 * Level 9.0(14.0) Armour
 - Level 3.5(8.5) Dodging
 - Level 5.0(10.0) Shields
 - Level 6.0 Invocations
 - Level 10.0 Evocations


You had 14 spell levels left.
You didn't know any spells.
Your spell library contained the following spells:

 Spells                   Type           Power      Damage    Failure   Level
 Beastly Appendage        Tmut           0%         N/A       100%        1
 Sandblast                Erth           0%         2d4       100%        1
 Shock                    Conj/Air       0%         1d3       100%        1
 Blink                    Tloc           0%         N/A       100%        2
 Passwall                 Tmut/Erth      0%         N/A       100%        2
 Static Discharge         Conj/Air       0%         3-3/arc   100%        2
 Sublimation of Blood     Necr           0%         N/A       100%        2
 Wereblood                Tmut           0%         N/A       100%        2
 Conjure Flame            Conj/Fire      0%         6-21      100%        3
 Gell's Gravitas          Tloc           0%         N/A       100%        3
 Ignite Poison            Fire/Tmut/Pois 0%         N/A       100%        3
 Lesser Beckoning         Tloc           0%         N/A       100%        3
 Spider Form              Tmut/Pois      0%         N/A       100%        3
 Stone Arrow              Conj/Erth      0%         3d7       100%        3
 Swiftness                Air            0%         N/A       100%        3
 Teleport Other           Tloc           0%         N/A       100%        3
 Airstrike                Air            0%         2d(0-16)  100%        4
 Anguish                  Hex/Necr       0%         N/A       100%        4
 Cause Fear               Hex            0%         N/A       100%        4
 Dispel Undead            Necr           0%         3d6       100%        4
 Petrify                  Tmut/Erth      0%         N/A       100%        4
 Sticky Flame             Conj/Fire      0%         2d3       100%        4
 Irradiate                Conj/Tmut      0%         3d11      100%        5
 Manifold Assault         Tloc           0%         N/A       100%        5
 Dispersal                Tloc           0%         N/A       100%        6
 Dragon Form              Tmut           0%         N/A       100%        7
 Enfeeble                 Hex            0%         N/A       100%        7
 Storm Form               Tmut/Air       0%         N/A       100%        7
 Maxwell's Capacitive Co  Air            0%         ∞         100%        8
 Summon Lightning Spire   Summ/Air       Unusable   N/A       N/A         4
 Summon Forest            Summ/Tloc      Unusable   N/A       N/A         5
 Summon Mana Viper        Hex/Summ       Unusable   N/A       N/A         5
 Summon Cactus Giant      Summ           Unusable   N/A       N/A         6
 Dragon's Call            Summ           Unusable   N/A       N/A         9

Dungeon Overview and Level Annotations

Branches:
Dungeon (15/15)            Temple (1/1) D:4            Lair (5/5) D:8
  Swamp (1/4) Lair:2       Spider (0/4) Lair:3        Slime (0/5) Lair:5
    Orc (2/2) D:11            Elf (0/3) Orc:2        Vaults (0/5) D:13
 Depths (0/4) D:15

Altars:
Ashenzari
Fedhas
Hepliaklqana
Makhleb
Nemelex Xobeh
Okawaru
Sif Muna
Trog
Uskayaw
Xom
Yredelemnul
Jiyva

Shops:
D:9 (   D:11 :   D:15 (   Orc:2 (?:*[

Portals:
Hell: Lair:5

Annotations:
D:4 1 runed translucent door
D:10 exclusion: orange crystal statue
D:13 2 runed translucent doors, nshep25's ghost, journeyman MiFi


Innate Abilities, Weirdness & Mutations

You have a pair of large antennae on your head. (SInv)
When hurt, damage is shared between your health and your magic reserves.
You regenerate magic rapidly.
When low on magic, you restore magic in place of health.
You are completely covered in razor-sharp scales. (AC +3, Slay +3)


Message History

You feel as though you will be slow longer.
You feel extremely sick. You block the death drake's attack.
You slice the death drake!! You burn the death drake.
The death drake is moderately wounded.
You are engulfed in dark miasma.
You are more poisoned.
You feel extremely sick.
The death drake bites you but does no damage.
You slash the death drake! You burn the death drake.
The death drake is heavily wounded.
You are engulfed in dark miasma.
You are lethally poisoned!
You feel as though you will be slow longer.
You feel extremely sick. You block the death drake's attack.
You hit the death drake. You burn the death drake.
The death drake is heavily wounded.
You are engulfed in dark miasma.
You are more poisoned.
You feel extremely sick.
The death drake bites you but does no damage.
You slice the death drake!! You burn the death drake!
The death drake is almost dead.
You are engulfed in dark miasma.
You are more poisoned.
* * * LOW HITPOINT WARNING * * *
You feel extremely sick.
You miss the death drake.
The death drake is almost dead.
You are engulfed in dark miasma.
You are more poisoned.
* * * LOW HITPOINT WARNING * * *
x2 You feel extremely sick.
You block the death drake's attack.
You feel better.
You are engulfed in dark miasma.
You are lethally poisoned!
You feel as though you will be slow longer.
* * * LOW HITPOINT WARNING * * *
You die...

~♣~~♣♣♣♣♣~..~~~~~§....~....♣♣♣.~~
~♣♣.§♣...♣.~§~~§~~..~~.~~~.♣♣♣..~
~~~....~.♣.~~~~~######..~..♣♣.~~~
~~~..~.~...~~~~########...♣~~~~~~
~....~~..~~.~~~#.'..'.#.♣♣.§~§§~.
.~♣♣.....~~..~.###..###~♣♣..~~~..
♣♣♣♣♣♣♣♣♣♣~....#.†..'.#♣♣♣♣......
♣♣~...###~.###♣♣♣..♣♣♣^.
.♣♣~....#@k~~'.#~♣♣...♣~..
.~.~~.~~~~###~~###~~....♣..~
~~..~§~~~~#♣○~~†.#~~~..♣♣.~~
...°○○°°°.#♣°~~♣##~.~~..♣♣.~
♣...~°○○°.♣k~~~♣#~..~~~.~♣♣.
♣♣~...~~.~~~§.~~♣~..~~..♣♣♣♣
♣♣♣♣♣♣~...♣.~~~..♣♣~~♣♣♣
♣♣.~..~...~.~♣♣♣♣ ♣♣~~~....♣~♣♣


You could see a death drake.

Vanquished Creatures
  Rupert (Orc:2)
  2 dire elephants (Lair:5)
  An eleionoma (Swamp:1)
  Azrael (Orc:1)
  Josephine (D:9)
  Snorg (Orc:1)
  A rakshasa (D:15)
  4 vault guards
  16 hydras
  3 boulder beetles
  A catoblepas (Lair:5)
  5 centaur warriors
  5 two-headed ogres
  2 alligators (Swamp:1)
  4 death yaks
  Urug (Orc:2)
  A tengu warrior (D:13)
  6 orc high priests (Orc:2)
  A sun demon (Lair:5)
  A spriggan (Swamp:1)
  Amaemon (D:8)
  A goliath frog (Swamp:1)
  3 skeletal warriors (D:14)
  A spriggan druid (Swamp:1)
  2 deep trolls (D:15)
  A bog body (Swamp:1)
  4 wizards
  A necromancer (D:15)
  A deep elf zephyrmancer (D:15)
  5 deep elf pyromancers
  4 cyclopes
  2 manticores
  A black mamba (Lair:4)
  A water nymph (shapeshifter) (D:15)
  2 elephants (Lair:5)
  3 orange demons
  A smoke demon (Lair:5)
  A torpor snail (Lair:1)
  An unseen horror (D:13)
  Maggie (Lair:2)
  7 cane toads
  5 efreet
  A rime drake (Lair:5)
  6 komodo dragons
  2 freezing wraiths
  A red devil (Lair:5)
  An ice devil (Lair:5)
  6 trolls
  A tyrant leech (Swamp:1)
  4 polar bears
  2 hornets
  2 slime creatures
  A polar bear (shapeshifter) (D:12)
  Prince Ribbit (D:7)
  14 blink frogs
  A centaur simulacrum (D:14)
  5 wraiths
  4 wyverns
  3 shadows
  52 yaks
  3 fire elementals (Orc:2)
  3 basilisks
  3 redbacks (Lair:3)
  Menkaure (D:7)
  8 vampire mosquitoes
  6 wargs
  4 acid dragons
  9 hell hounds
  6 swamp worms (Swamp:1)
  17 water moccasins
  Duvessa (D:7)
  13 orc warriors
  5 black bears
  4 sky beasts
  An ice beast (D:5)
  15 centaurs
  15 wolves
  5 ogres
  A phantom (D:6)
  A kobold brigand (D:6)
  Blork the orc (D:4)
  14 bullfrogs
  2 gnoll sergeants
  2 necrophages
  3 scorpions
  Dowan (D:7)
  3 troll zombies (Swamp:1)
  A wight (D:8)
  8 howler monkeys
  A troll skeleton (Swamp:1)
  3 electric eels
  3 lava snakes (D:10)
  11 hounds
  A gnoll bouda (D:3)
  A human zombie (D:4)
  Crazy Yiuf (D:7)
  32 orc priests
  12 jellies
  3 iguanas
  Natasha (thrice) (D:4)
  15 orc wizards
  2 hound zombies (D:3)
  A hound skeleton (D:3)
  13 gnolls
  10 adders
  A shadow imp (D:5)
  An ufetubus (D:7)
  3 adder skeletons (D:3)
  4 worms
  2 dart slugs (D:5)
  91 orcs
  8 ball pythons
  23 endoplasms
  7 giant cockroaches
  9 goblins
  6 hobgoblins
  4 jackals (D:3)
  13 kobolds
  4 quokkas
  7 bats
  5 frilled lizards
  7 rats
677 creatures vanquished.

Vanquished Creatures (others)
  A bog body (Swamp:1)
  A rime drake (Lair:5)
  4 bloated husks (Swamp:1)
  An acid dragon (D:13)
  An orc (Orc:2)
  47 fungi
  38 plants
  A withered plant (D:3)
94 creatures vanquished.

Grand Total: 771 creatures vanquished

Notes
Turn   | Place    | Note
-------+----------+-------------------------------------------
     0 | D:1      | LustLizard the Demonspawn Gladiator began the quest for the
                  | Orb.
     0 | D:1      | Reached XP level 1. HP: 16/16 MP: 1/1
   379 | D:1      | Gained mutation: You have a pair of small antennae on your
                  | head. [demonic ancestry]
   379 | D:1      | Reached XP level 2. HP: 22/22 MP: 2/2
  1012 | D:1      | Reached skill level 3 in Long Blades
  1476 | D:2      | Reached XP level 3. HP: 24/27 MP: 3/3
  2049 | D:2      | Identified the +2 ring mail of Jidacakh {+Blink rElec Str+6
                  | Stlth-}
  2571 | D:2      | Reached XP level 4. HP: 23/34 MP: 4/4
  2820 | D:3      | Identified the ring "Ekelewoe" {rF+ AC+4 Int+2}
  3238 | D:3      | Gained mutation: You are partially covered in razor-sharp
                  | scales. (AC +1, Slay +1) [demonic ancestry]
  3238 | D:3      | Reached XP level 5. HP: 39/39 MP: 5/5
  3289 | D:3      | Found a bloodstained altar of Trog.
  3349 | D:3      | Found a faded altar of an unknown god.
  3989 | D:3      | Reached skill level 4 in Long Blades
  4174 | D:3      | Reached XP level 6. HP: 39/47 MP: 6/6
  4365 | D:4      | Found a staircase to the Ecumenical Temple.
  4383 | Temple   | Entered the Ecumenical Temple
  4462 | Temple   | Became a worshipper of Warmaster Okawaru
  5053 | D:4      | Found a runed translucent door.
  5054 | D:4      | Noticed a human
  5059 | D:4      | Found a basalt altar of Yredelemnul.
  5074 | D:4      | Noticed Blork the orc
  5081 | D:4      | Noticed Natasha
  5087 | D:4      | Killed Blork the orc
  5088 | D:4      | Gained mutation: You regenerate magic rapidly. [demonic
                  | ancestry]
  5088 | D:4      | Reached XP level 7. HP: 50/52 MP: 7/7
  5138 | D:4      | Killed Natasha
  5138 | D:4      | Reached * piety under Okawaru
  5148 | D:4      | Reached skill level 5 in Long Blades
  5411 | D:4      | Noticed Natasha
  5433 | D:4      | Killed Natasha
  5544 | D:4      | Noticed Natasha
  5553 | D:4      | Killed Natasha
  5646 | D:5      | Entered Level 5 of the Dungeon
  5674 | D:5      | Reached skill level 5 in Throwing
  6731 | D:5      | Gained mutation: When hurt, damage is shared between your
                  | health and your magic reserves. [demonic ancestry]
  6731 | D:5      | Reached XP level 8. HP: 60/60 MP: 8/8
  6754 | D:6      | Reached skill level 6 in Long Blades
  6766 | D:5      | Reached ** piety under Okawaru
  6942 | D:6      | Reached skill level 1 in Shields
  6961 | D:6      | Reached skill level 5 in Fighting
  7562 | D:6      | Reached skill level 7 in Long Blades
  8082 | D:7      | Noticed Prince Ribbit
  8099 | D:7      | Killed Prince Ribbit
  8099 | D:7      | Reached *** piety under Okawaru
  8183 | D:7      | Gained mutation: You have a pair of antennae on your head.
                  | [demonic ancestry]
  8183 | D:7      | Reached XP level 9. HP: 62/68 MP: 7/9
  8406 | D:7      | Noticed Duvessa
  8426 | D:7      | Noticed Dowan
  8443 | D:7      | Killed Duvessa
  8448 | D:7      | Reached skill level 8 in Long Blades
  8471 | D:7      | Killed Dowan
  8713 | D:7      | Noticed Menkaure
  8721 | D:7      | Killed Menkaure
  9195 | D:7      | Found a runed translucent door.
  9196 | D:7      | Noticed Crazy Yiuf
  9205 | D:7      | Killed Crazy Yiuf
  9356 | D:8      | Reached **** piety under Okawaru
  9358 | D:8      | Received a gift from Okawaru
  9598 | D:8      | Reached skill level 9 in Long Blades
  9807 | D:8      | Gained mutation: You are mostly covered in razor-sharp
                  | scales. (AC +2, Slay +2) [demonic ancestry]
  9807 | D:8      | Reached XP level 10. HP: 79/79 MP: 10/10
  9901 | D:8      | Received a gift from Okawaru
 10066 | D:8      | Reached skill level 5 in Shields
 10431 | D:8      | Received a gift from Okawaru
 10439 | D:8      | Noticed a centaur warrior
 10450 | D:8      | Killed a centaur warrior
 10450 | D:8      | Reached ***** piety under Okawaru
 10451 | D:8      | Reached skill level 10 in Long Blades
 10462 | D:8      | Received a gift from Okawaru
 10757 | D:8      | Identified the +6 sling "Suokuc" {freeze, Int+3}
 10761 | D:8      | Noticed Amaemon
 10820 | D:8      | Noticed an orange demon
 10836 | D:8      | Killed Amaemon
 10837 | D:8      | Reached skill level 1 in Invocations
 10837 | D:8      | Reached skill level 1 in Evocations
 10857 | D:8      | Killed an orange demon
 10858 | D:8      | Reached skill level 11 in Long Blades
 11245 | D:8      | Found a staircase to the Lair.
 11572 | D:9      | Found Ideh's Hydra Hut.
 11575 | D:9      | Noticed a five-headed hydra
 11580 | D:9      | Bought a +2 scimitar of flaming for 211 gold pieces
 11749 | D:9      | Gained mutation: You have a pair of large antennae on your
                  | head. (SInv) [demonic ancestry]
 11749 | D:9      | Reached XP level 11. HP: 67/87 MP: 9/13
 11760 | D:9      | Received a gift from Okawaru
 11855 | D:9      | Noticed a two-headed ogre
 11866 | D:9      | Killed a two-headed ogre
 12467 | D:10     | Entered Level 10 of the Dungeon
 12531 | D:10     | Noticed Josephine
 12550 | D:10     | Reached skill level 12 in Long Blades
 12766 | D:9      | Killed Josephine
 12945 | D:10     | Noticed an orange crystal statue
 13180 | D:10     | Identified the +4 pair of boots "Navyp" {*Slow Will+ Dex+7}
                  | (Okawaru gifted it to you on level 10 of the Dungeon)
 13180 | D:10     | Received a gift from Okawaru
 13525 | D:11     | Reached skill level 5 in Invocations
 13563 | D:11     | Noticed a four-headed hydra
 13797 | D:11     | Found Kev Sica's Book Boutique.
 13817 | D:11     | Killed a two-headed hydra
 13818 | D:11     | Reached skill level 13 in Long Blades
 13969 | D:11     | Noticed an eight-headed hydra
 13976 | D:11     | Killed a five-headed hydra
 14311 | D:11     | Found a staircase to the Orcish Mines.
 14387 | D:11     | Paralysed by an orc for 5 turns
 14442 | D:11     | Noticed a two-headed ogre
 14457 | D:11     | Killed a two-headed ogre
 14837 | Lair:1   | Entered Level 1 of the Lair of Beasts
 15028 | Lair:1   | Reached skill level 14 in Long Blades
 15030 | Lair:1   | Reached skill level 5 in Evocations
 15087 | Lair:1   | Reached XP level 12. HP: 96/96 MP: 16/16
 15753 | Lair:2   | Noticed a seven-headed hydra
 15759 | Arena    | Entered the Arena
 15765 | Arena    | Killed a two-headed hydra
 15811 | Lair:2   | Reached skill level 10 in Fighting
 15899 | Lair:2   | Reached skill level 15 in Long Blades
 16043 | Lair:2   | Found a staircase to the Swamp.
 16088 | Lair:2   | Noticed Maggie
 16107 | Lair:2   | Killed Maggie
 16107 | Lair:2   | Received a gift from Okawaru
 16246 | Lair:2   | Identified the +9 scimitar of Chaos {antimagic, rElec rF+
                  | rCorr} (Okawaru gifted it to you on level 2 of the Lair of
                  | Beasts)
 16246 | Lair:2   | Received a gift from Okawaru
 16730 | Lair:2   | Identified the +1 hat of Waopnoc {Harm rC+ rN+ Dex+3}
 17045 | Lair:3   | Found a hole to the Spider Nest.
 17851 | Lair:3   | Noticed a four-headed hydra
 17880 | Lair:3   | Killed a four-headed hydra
 19300 | Lair:4   | Noticed a six-headed hydra
 19308 | Lair:4   | Killed a two-headed hydra
 19308 | Lair:4   | Identified the +0 crystal plate armour of Deefihat {rF-
                  | Str+6} (Okawaru gifted it to you on level 4 of the Lair of
                  | Beasts)
 19308 | Lair:4   | Received a gift from Okawaru
 19309 | Lair:4   | Reached skill level 16 in Long Blades
 19309 | Lair:4   | Gained mutation: You are completely covered in razor-sharp
                  | scales. (AC +3, Slay +3) [demonic ancestry]
 19309 | Lair:4   | Reached XP level 13. HP: 82/106 MP: 5/17
 20530 | Lair:5   | Entered Level 5 of the Lair of Beasts
 21405 | Lair:5   | Reached skill level 1 in Armour
 21473 | Lair:5   | Reached ****** piety under Okawaru
 21563 | Lair:5   | Noticed a dire elephant
 21580 | Lair:5   | Killed a dire elephant
 21896 | Lair:5   | Found a viscous altar of Jiyva.
 21896 | Lair:5   | Found a staircase to the Slime Pits.
 21935 | Lair:5   | Identified the +1 pair of boots of Gallantry {*Corrode
                  | rElec rC+} (Okawaru gifted it to you on level 5 of the Lair
                  | of Beasts)
 21935 | Lair:5   | Received a gift from Okawaru
 22765 | Lair:5   | Noticed a dire elephant
 23039 | Lair:5   | Killed a dire elephant
 23040 | Lair:5   | Reached skill level 17 in Long Blades
 23191 | Lair:5   | Found a burning altar of Makhleb.
 23518 | Lair:5   | Reached XP level 14. HP: 115/115 MP: 6/18
 23570 | Lair:5   | Found a gateway to Hell.
 24099 | D:12     | Identified the +0 leather armour of Twilight {rPois rF++
                  | rN++ Will-}
 24159 | D:12     | Reached skill level 5 in Armour
 24711 | D:13     | Received a gift from Okawaru
 24812 | D:13     | Found a gate to the Vaults.
 25226 | D:13     | Received a gift from Okawaru
 25341 | D:13     | Found a runed translucent door.
 25343 | D:13     | Noticed a lich
 25348 | D:13     | Noticed a fire giant
 25348 | D:13     | Noticed nshep25's ghost (journeyman MiFi)
 25351 | D:13     | Found a runed translucent door.
 25583 | D:13     | Received a gift from Okawaru
 25989 | D:14     | Found a blossoming altar of Fedhas.
 27037 | D:14     | Found a hazy altar of Hepliaklqana.
 27201 | Orc:1    | Entered Level 1 of the Orcish Mines
 27258 | Orc:1    | Noticed Snorg
 27277 | Orc:1    | Killed Snorg
 28065 | Orc:2    | Entered Level 2 of the Orcish Mines
 28065 | Orc:2    | Noticed Azrael
 28199 | Orc:1    | Killed Azrael
 28323 | Orc:2    | Identified the +0 triple sword "Aboiliez" {vorpal, Contam
                  | Str-3 Int+8 Stlth+} (Okawaru gifted it to you on level 2 of
                  | the Orcish Mines)
 28323 | Orc:2    | Received a gift from Okawaru
 29133 | Orc:2    | Reached skill level 10 in Evocations
 29453 | Orc:2    | Found Qouweluv's Book Shoppe.
 29453 | Orc:2    | Found a staircase to the Elven Halls.
 29560 | Orc:2    | Noticed Rupert
 29580 | Orc:2    | HP: 5/116 [Rupert/+3 vampiric battleaxe (34)]
 29581 | Orc:2    | HP: 1/116 [Rupert/+3 vampiric battleaxe (4)]
 29583 | Orc:2    | Killed Rupert
 30042 | Orc:2    | Found Ruujum's Antique Armour Emporium.
 30042 | Orc:2    | Found Aggusmad's Assorted Antiques.
 30048 | Orc:2    | Bought a pair of embroidered gloves for 247 gold pieces
 30117 | Orc:2    | Found Ovefuc's Magic Scroll Emporium.
 30117 | Orc:2    | Found Viumillen's Weapon Boutique.
 30117 | Orc:2    | Noticed Urug
 30127 | Orc:2    | Killed Urug
 30133 | Orc:2    | Reached skill level 18 in Long Blades
 30133 | Orc:2    | Gained mutation: When low on magic, you restore magic in
                  | place of health. [demonic ancestry]
 30133 | Orc:2    | Reached XP level 15. HP: 92/122 MP: 5/19
 30409 | Orc:2    | Bought a scroll of blinking for 127 gold pieces
 30409 | Orc:2    | Bought a scroll of identify for 34 gold pieces
 30409 | Orc:2    | Bought a scroll of fear for 68 gold pieces
 30988 | D:15     | Entered Level 15 of the Dungeon
 31007 | D:15     | Received a gift from Okawaru
 31264 | D:15     | Found a staircase to the Depths.
 31300 | D:15     | Identified the +1 ring mail of Responsibility {Will+ Int+2}
                  | (Okawaru gifted it to you on level 15 of the Dungeon)
 31300 | D:15     | Received a gift from Okawaru
 31562 | D:15     | Found Doutaek's Antique Weapon Boutique.
 32198 | Swamp:1  | Entered Level 1 of the Swamp
 33619 | Swamp:1  | Identified the +7 plate armour "Ugaosedgh" {rF- rC+ Dex+3
                  | SInv}
 33856 | Swamp:1  | HP: 4/124 [poisoned by a death drake (dark miasma)]
 33857 | Swamp:1  | Succumbed to a death drake's dark miasma

Illustrated notes

Levels and vault maps discovered:
D:1:      scummos_arrival_forest, layout_basic, minmay_pentomino_s4
D:2:      layout_basic, serial_rivers, chequers_serial_rivers_marsh,
          chequers_serial_rivers_micro_e, chequers_serial_rivers_micro_a,
          chequers_serial_rivers_micro_d, st_stairs_11
D:3:      minmay_chambers_of_threes, layout_loops_ring,
          mainiacjoe_overflow_surrounded_room,
          hellmonk_ecumenical_altar_blasted, serial_undead, serial_undead_c,
          serial_undead_e, serial_undead_f, serial_undead_f
D:4:      layout_cave_pools, dk_yredelemnul_ordeal, minmay_temple_entry_ruins,
          patterned_corridor, uniq_blork_the_orc, uniq_natasha
D:5:      layout_loops_ring, item_on_display_a
D:6:      layout_basic
D:7:      layout_basic, kennysheep_generic_room_11, uniq_crazy_yiuf_cottage,
          uniq_prince_ribbit1, uniq_menkaure, uniq_duvessa
D:8:      minmay_the_grid_four_pointed_star
          [minmay_the_grid_triangle_9x9_zippers_vertical,
          minmay_the_grid_triangle_9x9_zippers_horizontal,
          minmay_the_grid_triangle_9x9_negative_grid,
          minmay_the_grid_triangle_9x9_skeleton,
          minmay_the_grid_prize_diamond_cup], layout_loops_ring,
          grunt_lair_entry_orc_guard_hut, uniq_amaemon
D:9:      layout_basic, doesnt_shop_hydraphobe
D:10:     layout_roguey, disabler_island, uniq_josephine
D:11:     layout_irregular_city, hiddenorc1_lemuel, serial_shops, shop,
          water_maze_lemuel
D:12:     layout_basic, nzn_sisyphean_effort
D:13:     layout_irregular_city, lightli_vaults_fourway_checkpoint,
          muffindrake_ghost_dual_entry
D:14:     layout_rooms, nzn_hepliaklqana_mist_gate, fedhas_ov_isle_minmay
D:15:     hangedman_depths_entry_civil_slaughter, layout_basic, serial_shops,
          nicolae_shop_stone, minmay_misc_feat_hallway
Temple:   nicolae_temple_slightly_damp_pantheon
Lair:1:   layout_regular_city
Lair:2:   layout_hall_layers, minmay_swamp_entry_swarm, st_stairs_4,
          serial_bayou_shore_b, infiniplex_staircase_pool_2,
          lemuel_fruit_fields, uniq_maggie
Lair:3:   lemuel_slime, layout_hall_layers, spider_nest_entry_webs,
          lemuel_fruit_fields, infiniplex_staircase_pool, lemuel_fruit_tree
Lair:4:   layout_cave_pods, chequers_serial_rivers_micro_b,
          gammafunk_lair_bear_cave, serial_bayou_shore_b
Lair:5:   evil_forest, layout_gridlike, nicolae_slime_entry_slimehenge,
          lemuel_old_faithful
Swamp:1:  layout_basic_swamp, serial_swamp_ruin, evilmike_swamp_ruin_house_6,
          evilmike_swamp_ruin_house_5, cheibrodos_swamp_minitomb
Orc:1:    layout_caves, serial_shops, uniq_snorg
Orc:2:    st_orc_town, layout_caves, serial_shops, shop, uniq_azrael,
          uniq_rupert, uniq_urug

Skill      XL: |  1  2  3  4  5  6  7  8  9 10 11 12 13 14 15 |
---------------+----------------------------------------------+-----
Throwing       | 2 3 4 5 6 |  6.0
Long Blades    | 3 4 5 7 9 11 14 16 17 18 | 18.5
Dodging        | 3 |  3.5
Fighting       | 3 4 5 7 8 9 11 12 13 | 13.2
Shields        | 2 4 5 |  5.0
Invocations    | 3 6 |  6.0
Evocations     | 2 5 7 8 10 | 10.0
Armour         | 4 7 9 |  9.0

Action                   |  1- 3 |  4- 6 |  7- 9 | 10-12 | 13-15 || total
-------------------------+-------+-------+-------+-------+-------++-------
Melee: Long sword        |   116 |   274 |   401 |   181 |       ||   972
       Punch             |       |     1 |       |       |       ||     1
       Scimitar          |       |       |       |   485 |  1142 ||  1627
Throw: Boomerang         |       |       |    37 |   152 |    82 ||   271
       Dart              |       |       |     9 |     7 |     8 ||    24
       Javelin           |       |       |     1 |     2 |     1 ||     4
Invok: Heroism           |       |       |     2 |     4 |     8 ||    14
       Finesse           |       |       |       |     2 |     2 ||     4
       Duel              |       |       |       |     1 |       ||     1
 Abil: Evoke Blink       |       |     1 |     3 |     3 |       ||     7
Evoke: Wand              |       |       |       |       |     4 ||     4
  Use: Potion            |       |       |     6 |     2 |     8 ||    16
       Scroll            |       |       |    10 |     5 |    16 ||    31
 Stab: Sleeping          |     1 |       |       |       |       ||     1
       Distracted        |       |       |       |       |     1 ||     1
       Petrified         |       |       |       |       |     1 ||     1
Armor: Leather armour    |    38 |       |       |       |       ||    38
       Ring mail         |     4 |   128 |   186 |   186 |       ||   504
       Crystal plate arm |       |       |       |       |   524 ||   524
Dodge: Dodged            |    85 |   186 |   175 |   215 |   219 ||   880
Block: Kite shield       |       |    33 |   227 |   608 |  1053 ||  1921
       Reflection        |       |       |     5 |    13 |    39 ||    57
